 Dungeon Crawl Stone Soup version 0.28-a0-969-g2dcde036d2 (webtiles) character file.

Game seed: 16238005460498120257

46 HessuHobo the Ducker (level 3, 0/36 HPs)
             Began as a Troll Fighter on Dec 1, 2021.
             Slain by Jessica (7 damage)
             ... on level 2 of the Dungeon.
             The game lasted 00:02:19 (1220 turns).

HessuHobo the Ducker (Troll Fighter)                Turns: 1220, Time: 00:02:20

Health: 0/36       AC:  4    Str: 26    XL:     3   Next: 46%
Magic:  2/2        EV:  8    Int:  4    God:
Gold:   26         SH:  7    Dex:  9    Spells: 2/2 levels left

rFire   . . .      SeeInvis .   e - +0 whip
rCold   . . .      Faith    .   b - +0 kite shield
rNeg    . . .      Spirit   .   a - +0 robe
rPois   .          Reflect  .   (helmet restricted)
rElec   .          Harm     .   (no cloak)
rCorr   .          Rampage  .   (gloves unavailable)
Will    .....                   (boots unavailable)
Stlth   +.........              (no amulet)
HPRegen 0.92/turn               (no ring)
MPRegen 0.08/turn               (no ring)

@: slowed, very slow
A: large, unfitting armour, claws 3, regeneration 1, shaggy fur 1, tough skin 1
a: no special abilities


You were on level 2 of the Dungeon.
You visited 1 branch of the dungeon, and saw 2 of its levels.

You collected 26 gold pieces.

Inventory:

Hand Weapons
 d - a +0 short sword
 e - a +0 whip (weapon)
Missiles
 f - 49 stones (quivered)
Armour
 a - a +0 robe (worn)
 b - a +0 kite shield (worn)
Jewellery
 i - a +6 ring of intelligence
Scrolls
 g - a scroll of immolation
 j - a scroll of identify {unknown}
 k - a scroll of enchant weapon {unknown}
Potions
 c - a potion of might
 h - a potion of curing {unknown}


   Skills:
 + Level 2.8 Fighting
 + Level 0.9 Maces & Flails
 + Level 1.1 Armour
 + Level 2.9 Dodging
 - Level 2.4 Shields
 - Level 2.0 Unarmed Combat


You had 2 spell levels left.
You didn't know any spells.
Your spell library was empty.

Dungeon Overview and Level Annotations

Branches:
Dungeon (2/15)

Altars:

Annotations:
D:2 Jessica


Innate Abilities, Weirdness & Mutations

You are too large for most types of armour.
You have claws for hands.
Your natural rate of healing is unusually fast.
You are covered in fur. (AC +1)
You have tough skin. (AC +1)


Message History

Jessica shouts, "You're disturbing me!
I'll have to kill you!" You block Jessica's attack.
A kobold opens the door.
Jessica hits you with a +0 club.
You closely miss Jessica. Jessica hits you with a +0 club.
Jessica hits you but does no damage.
The kobold shouts!
You hit Jessica.
Jessica is lightly wounded.
Jessica barely misses you.
Jessica says, "I'm really upset."
Jessica casts a spell at you.
You feel yourself slow down.
You closely miss Jessica.
Jessica is lightly wounded.
Jessica barely misses you. Jessica hits you with a +0 club.
You block Jessica's attack.
You closely miss Jessica.
Jessica is lightly wounded.
You block Jessica's attack. You block the kobold's attack.
You block Jessica's attack.
A kobold comes into view. It is wielding a +2 dagger of draining.
Jessica barely misses you. The kobold hits you but does no damage.
You barely miss Jessica.
Jessica is lightly wounded.
The kobold shouts!
Jessica looks very angry.
Jessica hits you with a +0 club. The kobold closely misses you.
You block Jessica's attack. The kobold hits you with a +0 club.
Jessica gestures at you while chanting. Pain shoots through your body!
* * * LOW HITPOINT WARNING * * *
Jessica hits you with a +0 club.
* * * LOW HITPOINT WARNING * * *
Jessica gestures at you while chanting.
You barely resist.
There is a stone staircase leading up here.
Jessica gestures wildly.
You block Jessica's attack. The kobold hits you but does no damage.
Jessica hits you with a +0 club!
You die...

#.....#
#.....###
#.....'.
#.....#
#.....#
#..K..#
#)....#
#K@...#
#@)...#
#.....#
#######


You could see Jessica (fast) and 2 kobolds.

Vanquished Creatures
  2 dart slugs (D:1)
  7 ball pythons (D:1)
  4 endoplasms (D:1)
  2 giant cockroaches (D:1)
  3 goblins
  6 hobgoblins (D:1)
  4 jackals (D:1)
  4 kobolds (D:1)
  A bat (D:2)
  A frilled lizard (D:1)
  2 rats (D:1)
36 creatures vanquished.

Notes
Turn   | Place    | Note
-------+----------+-------------------------------------------
     0 | D:1      | HessuHobo the Troll Fighter began the quest for the Orb.
     0 | D:1      | Reached XP level 1. HP: 22/22 MP: 0/0
    95 | D:1      | Found a faded altar of an unknown god.
   125 | D:1      | Reached XP level 2. HP: 28/29 MP: 1/1
   580 | D:1      | Reached skill level 1 in Armour
   652 | D:1      | Reached XP level 3. HP: 36/36 MP: 2/2
  1203 | D:2      | Noticed Jessica
  1220 | D:2      | Slain by Jessica

Illustrated notes

Levels and vault maps discovered:
D:1:      nagdon_arrival_zigzag_paths, layout_rooms,
          hellmonk_ecumenical_altar_blasted, minmay_misc_feat_secret_circle
D:2:      layout_basic, uniq_jessica

Skill      XL: |  1  2 |
---------------+-------+-----
Armour         | 1 |  1.1
Fighting       | |  2.8
Maces & Flails | |  0.9
Dodging        | |  2.9
Shields        | |  2.4
Unarmed Combat | |  2.0

Action                   || total
-------------------------++-------
Melee: Short sword       ||    12
       Unarmed           ||    11
       Whip              ||   114
Armor: Robe              ||    42
Dodge: Dodged            ||    45
Block: Kite shield       ||    59

Table legend: (Time is in decaauts)
 A = Elapsed time spent in this place.
 B = Non-inter-level travel time spent in this place.
 C = Inter-level travel time spent in this place.
 D = Time resting spent in this place.
 E = Time spent auto-exploring this place.
 F = Levels seen in this place.
 G = Mean time per level.
                   A        B        C        D        E       F      G
               +--------+--------+--------+--------+--------+-----+--------+
         Total |   1261 |   1225 |     36 |    466 |    439 |   2 |  630.5 |
       Dungeon |   1261 |   1225 |     36 |    466 |    439 |   2 |  630.5 |
               +--------+--------+--------+--------+--------+-----+--------+

Top non-repeatable levels by time:
     D:1: 1233 daAuts
     D:2: 27 daAuts
